 Dungeon Crawl Stone Soup version 0.25-a0-663-gace7076f2c (webtiles) character file.

Game seed: 9994027053759085924, levelgen mode: deterministic

603 kae the Insei (level 7, 0/78 HPs)
             Began as a Purple Draconian Transmuter on Mar 24, 2020.
             Was an Initiate of Wu Jian.
             Slain by an ice beast (13 damage)
             ... on level 6 of the Dungeon.
             The game lasted 00:04:30 (4983 turns).

kae the Insei (Purple Draconian Transmuter)         Turns: 4983, Time: 00:04:30

Health: 0/78       AC:  7    Str: 10 (12) XL:     7   Next: 18%
Magic:  14/14      EV: 12    Int: 14 (15) God:    Wu Jian [......]
Gold:   192        SH:  0    Dex: 10 (12) Spells: 9/15 levels left

rFire    . . .     SeeInvis .   f - +1 dagger (venom)
rCold    . . .     Gourm    .   (no shield)
rNeg     . . .     Faith    .   (armour unavailable)
rPois    .         Spirit   .   (helmet restricted)
rElec    .         Reflect  .   (no cloak)
rCorr    .         Harm     .   m - +0 pair of gloves
MR       +....                  (no boots)
Stlth    ..........             (no amulet)
HPRegen  0.23/turn              (no ring)
MPRegen  0.14/turn              (no ring)

@: berserking, very quick
A: breathe power, unfitting armour, cold-blooded, AC +6
a: Breathe Dispelling Energy, Renounce Religion


You were on level 6 of the Dungeon.
You worshipped Wu Jian.
Wu Jian was noncommittal.
You were not hungry.

You visited 2 branches of the dungeon, and saw 7 of its levels.

You collected 192 gold pieces.

Inventory:

Hand Weapons
 f - a +1 dagger of venom (weapon)
Missiles
 a - 60 arrows
Armour
 m - a +0 pair of gloves (worn)
Jewellery
 i - an uncursed ring of resist corrosion {unknown}
Scrolls
 b - a scroll of enchant weapon
 d - 3 scrolls of teleportation
 e - a scroll of remove curse {unknown}
 o - a scroll of identify
Potions
 j - a potion of degeneration
Comestibles
 c - 9 rations
 k - a chunk of flesh


   Skills:
 - Level 1.1 Fighting
 - Level 1.7 Dodging
 * Level 6.3 Unarmed Combat
 + Level 4.8 Spellcasting
 + Level 4.2 Transmutations


You had 9 spell levels left.
You knew the following spells:

 Your Spells              Type           Power        Failure   Level  Hunger
a - Beastly Appendage     Tmut           ###...       3%          1    None
b - Sticks to Snakes      Tmut           ###.....     4%          2    ##.....
c - Spider Form           Tmut/Pois      #.........   22%         3    ###....

Your spell library contained the following spells:

 Spells                   Type           Power        Failure   Level  Hunger
 Magic Dart               Conj           #...         19%         1    None
 Searing Ray              Conj           #.....       26%         2    ##.....
 Dazzling Flash           Conj/Hex       #.....       47%         3    ###....
 Ice Form                 Ice/Tmut       #.......     58%         4    ####...
 Blade Hands              Tmut           ###.......   65%         5    ######.
 Fulminant Prism          Conj/Hex       #.........   87%         4    ####...
 Iskenderun's Mystic Bla  Conj/Tloc      #.......     87%         4    ####...


Dungeon Overview and Level Annotations

Branches:
Dungeon (6/15)             Temple (1/1) D:4

Altars:
Ashenzari
Cheibriados
Dithmenos
Elyvilon
Fedhas
Gozag
Hepliaklqana
Kikubaaqudgha
Nemelex Xobeh
Okawaru
Qazlal
Ru
Sif Muna
Uskayaw
Vehumet
Wu Jian
Xom
Zin
The Shining One

Annotations:
D:6 Sigmund


Innate Abilities, Weirdness & Mutations

You can breathe bolts of dispelling energy.
Your rich purple scales are hard. (AC +6)
You cannot fit into any form of body armour.
You are cold-blooded and may be slowed by cold attacks.


Message History

The ice beast hits you but does no damage.
You puncture the ice beast!
The ice beast is moderately wounded.
The ice beast closely misses you.
You closely miss the ice beast.
The ice beast is moderately wounded.
The shadow imp sputters.
The iguana barely misses you.
You puncture the ice beast!
The ice beast is almost dead.
You hear the slow rusting of a distant drain.
The ice beast closely misses you. The shadow imp barely misses you.
You barely miss the ice beast. You punch the ice beast.
The ice beast is almost dead.
The iguana bites you!
* * * LOW HITPOINT WARNING * * *
The ice beast hits you.
* * * LOW HITPOINT WARNING * * *
The ice beast freezes you!
You die...

.........# .
.........##.
###....../.
###..##
###.....#
.......###
.l......#
#Yl...#
#@5...#
#........
#........
.........
..###....
.#.# ###.
####


You could see an ice beast, an iguana, a shadow imp and a leopard gecko.

Vanquished Creatures
  Eustachio (D:5)
  A howler monkey (D:5)
  A crimson imp (D:5)
  A hound (D:5)
  An orc priest (D:3)
  2 centaur skeletons
  An iguana (D:5)
  An orc wizard (D:5)
  A worker ant (D:6)
  A hound skeleton (D:4)
  3 gnolls
  3 adders
  An ooze (D:3)
  3 worms
  A dart slug (D:3)
  2 leopard geckos (D:2)
  9 orcs
  A ball python (D:1)
  8 bats
  7 giant cockroaches
  3 goblins
  9 hobgoblins
  3 jackals (D:1)
  10 kobolds
  5 quokkas
  4 frilled lizards
  A jackal skeleton (D:4)
  8 rats
92 creatures vanquished.

Vanquished Creatures (others)
  An orc wizard (D:5)
1 creature vanquished.

Grand Total: 93 creatures vanquished

Notes
Turn   | Place    | Note
-------+----------+-------------------------------------------
     0 | D:1      | kae the Draconian Transmuter began the quest for the Orb.
     0 | D:1      | Reached XP level 1. HP: 16/16 MP: 3/3
    98 | D:1      | Reached XP level 2. HP: 15/23 MP: 3/5
   124 | D:1      | Learned a level 2 spell: Sticks to Snakes
   792 | D:2      | Reached XP level 3. HP: 28/28 MP: 4/6
   908 | D:2      | Reached skill level 4 in Unarmed Combat
  1362 | D:2      | Found a stormy altar of Qazlal.
  1724 | D:3      | Reached XP level 4. HP: 35/35 MP: 5/7
  1985 | D:3      | Learned a level 3 spell: Spider Form
  2221 | D:3      | Reached XP level 5. HP: 33/40 MP: 9/9
  3005 | D:4      | Reached skill level 5 in Unarmed Combat
  3014 | D:4      | Found a staircase to the Ecumenical Temple.
  3088 | Temple   | Entered the Ecumenical Temple
  3167 | Temple   | Became a worshipper of the Wu Jian Council
  3606 | D:5      | Entered Level 5 of the Dungeon
  3630 | D:5      | Found a shimmering altar of Xom.
  3659 | D:5      | Found a shadowy altar of Dithmenos.
  3671 | D:5      | Reached XP level 6. HP: 34/47 MP: 9/11
  3775 | D:5      | Noticed Eustachio
  3798 | D:5      | Killed Eustachio
  4494 | D:5      | Reached skill level 6 in Unarmed Combat
  4677 | D:5      | Your scales start taking on a rich purple colour.
  4677 | D:5      | Reached XP level 7. HP: 45/52 MP: 13/13
  4903 | D:5      | Found a shimmering blue altar of Sif Muna.
  4903 | D:5      | Found an opulent altar of Gozag.
  4946 | D:6      | Noticed Sigmund
  4983 | D:6      | Slain by an ice beast

Levels and vault maps discovered:
D:1:      dpeg_arrival_tiny_k, layout_rooms
D:2:      layout_basic, lemuel_doored_altar, first_ration
D:3:      layout_basic
D:4:      layout_cave_pods, temple_statues
D:5:      layout_basic, overflow_temple_1_default,
          gammafunk_temple_overflow_wave, nicolae_dithmenos_the_darkroom,
          uniq_eustachio
D:6:      cheibrodos_quashed, layout_cave_pools, kennysheep_little_box,
          portal_sewer_entry_f, uniq_pikel, uniq_duvessa, uniq_sigmund
Temple:   nicolae_temple_great_sept

Skill      XL: |  1  2  3  4  5  6 |
---------------+-------------------+-----
Unarmed Combat | 4 5 6 |  6.3
Transmutations | 3 4 |  4.2
Spellcasting   | 3 4 |  4.8
Fighting       | |  1.1
Dodging        | |  1.7

Action                   |  1- 3 |  4- 6 |  7- 9 || total
-------------------------+-------+-------+-------++-------
Melee: Unarmed           |    78 |    11 |       ||    89
       Tailslap          |     7 |    31 |     3 ||    41
       Headbutt          |     5 |    12 |       ||    17
       Kick              |     6 |    15 |     3 ||    24
       Dagger            |    52 |   169 |    20 ||   241
       Punch             |       |     2 |     1 ||     3
 Cast: Beastly Appendage |    23 |    15 |     1 ||    39
       Spider Form       |       |     1 |       ||     1
Invok: Lunge             |       |     5 |       ||     5
  Use: Scroll            |     5 |     2 |       ||     7
       Potion            |       |     4 |     2 ||     6
  Eat: Chunk             |     2 |     7 |     1 ||    10
       Ration            |       |     1 |       ||     1
Armor: Skin              |    48 |    60 |     6 ||   114
Dodge: Dodged            |   134 |   101 |    21 ||   256

Table legend:
 A = Non-vault XP
 B = Vault XP
 C = Vault XP percentage of total XP
 D = Non-vault monster count
 E = Vault monster count
 F = Vault count percentage of total count
                 A         B        C        D         E       F
            +---------+---------+-------+---------+---------+-------
      Total |     659 |     203 |  23.5 |      92 |       1 |   1.1
            +---------+---------+-------+---------+---------+-------
        D:1 |      38 |       0 |   0.0 |      23 |       0 |   0.0
        D:2 |      72 |       0 |   0.0 |      20 |       0 |   0.0
        D:3 |     132 |       0 |   0.0 |      27 |       0 |   0.0
        D:4 |      61 |       0 |   0.0 |       4 |       0 |   0.0
        D:5 |     310 |     203 |  39.6 |      16 |       1 |   5.9
        D:6 |      46 |       0 |   0.0 |       2 |       0 |   0.0
            +---------+---------+-------+---------+---------+-------
